AoeStats
← °49¬K<»Šhãdöw

Fortress

507121359Analyzed
4v4 RM · 2mo ago on Sep 16, 2026· 21m 37s· 8 players
Game mode
Random Map
Map size
Huge
Population
200
Speed
Normal
Resources
Standard
Victory
Conquest
Starting age
Dark Age
Ending age
Imperial Age
RankedLock teamsTeams togetherTeam positionsShared explorationLock speedFull tech treeHidden civsTurbo modeCheats
Victory
Defeat
🇬🇧 Vietnamese · United Kingdom
1234
+11
🇺🇸 Celts · United States
1166
+13
🇪🇬 Malay · Egypt
1132
+15
1121
+16
vs
🇫🇷 Berbers · France
1133
-15
🇷🇺 Portuguese · Russia
1112
-14
🇻🇳 Mongols · Vietnam
1106
-13
1092
-13
Iced0ux
2:10 Loom
8:34 Feudal Age
13:16 Castle Age
11:08 Double-Bit Axe
11:34 Horse Collar
12:01 Gold Mining
14:28 Bow Saw
16:26 Husbandry
16:49 Heavy Plow
19:03 Town Watch
20:00 Wheelbarrow
21:03 Fletching
21:25 Forging
just horsing around
6:25 Loom
9:12 Feudal Age
14:04 Castle Age
14:23 Double-Bit Axe
14:31 Gold Mining
14:28 Horse Collar
18:17 Imperial Age
°49¬K<»Šhãdöw
1:22 Loom
7:55 Feudal Age
12:44 Castle Age
10:52 Double-Bit Axe
10:56 Horse Collar
17:41 Wheelbarrow
—»¬ ° • G ¡ ø 49k .
2:35 Loom
8:06 Feudal Age
13:26 Castle Age
11:38 Horse Collar
11:44 Double-Bit Axe
13:39 Champi Runner
14:30 Heavy Plow
14:28 Town Watch
BrianBoru
7:08 Feudal Age
8:25 Loom
11:34 Castle Age
9:56 Horse Collar
21:47 Wheelbarrow
Rincewind
6:04 Feudal Age
6:55 Loom
13:56 Castle Age
11:54 Double-Bit Axe
12:27 Horse Collar
14:19 Fletching
14:30 Padded Archer Armor
16:06 Heavy Plow
16:19 Bow Saw
20:42 Wheelbarrow
20:05 Elite Skirmisher
Sleepy the sexy saxon sheppard
8:42 Feudal Age
7:58 Loom
9:48 Double-Bit Axe
9:48 Horse Collar
15:31 Castle Age
19:16 Husbandry
Sephiroth
5:43 Loom
7:53 Feudal Age
7:27 Horse Collar
7:33 Double-Bit Axe
13:01 Gold Mining
15:32 Castle Age
14:41 Wheelbarrow
14:52 Forging
15:50 Bow Saw
15:40 Heavy Plow
18:04 Gold Shaft Mining
18:17 Iron Casting
17:31 Arson
17:49 Squires
22:25 Hand Cart
Connection lost

Rejoining the realm…

Still unreachable

The connection could not be restored.

Session expired

The server has moved on; the page needs a fresh start.